 Dungeon Crawl Stone Soup version 0.23-a0-171-g5ae17c6 (webtiles) character file.

1250 digijack the Changer (level 8, 0/66 HPs)
             Began as a Grey Draconian Transmuter on Sept 12, 2018.
             Was a Follower of Wu Jian.
             Slain by a wyvern skeleton (15 damage)
             ... on level 6 of the Dungeon.
             The game lasted 00:30:30 (5261 turns).

digijack the Changer (Grey Draconian Transmuter)    Turns: 5261, Time: 00:30:31

Health: 0/66       AC:  4    Str: 12    XL:     8   Next: 26%
Magic:  14/14      EV: 14    Int: 18    God:    Wu Jian [*.....]
Gold:   32         SH:  0    Dex: 13    Spells: 2/15 levels left

rFire    . . .     SeeInvis .     - Unarmed
rCold    + . .     Gourm    +   (no shield)
rNeg     . . .     Faith    .   (armour unavailable)
rPois    .         Spirit   .   (helmet restricted)
rElec    .         Reflect  .   (no cloak)
rCorr    .         Harm     .   (no gloves)
MR       .....                  g - +0 pair of boots
Stlth    +.........             k - amulet of the gourmand
HPRegen  0.21/turn              i - +3 ring of intelligence
MPRegen  0.14/turn              n - ring of protection from cold

@: corroded
A: walk through water, unfitting armour, unbreathing, cold-blooded, AC +11
a: Renounce Religion


You were on level 6 of the Dungeon.
You worshipped Wu Jian.
Wu Jian was aware of your devotion.
You were very full.

You visited 2 branches of the dungeon, and saw 7 of its levels.

You collected 267 gold pieces.
You spent 235 gold pieces at shops.

Inventory:

Missiles
 e - 156 stones (quivered)
Armour
 g - a +0 pair of boots (worn)
Jewellery
 i - a +3 ring of intelligence (left hand)
 k - an amulet of the gourmand (around neck)
 n - a ring of protection from cold (right hand)
Wands
 o - a wand of paralysis (14)
Scrolls
 f - 3 scrolls of remove curse
 h - a scroll of amnesia
 m - 2 scrolls of teleportation
 p - a scroll of enchant weapon
Potions
 a - a potion of curing
 b - a potion of haste
 d - 2 potions of heal wounds
 j - a potion of flight
 l - a potion of might
Comestibles
 c - 5 rations
 q - 6 chunks of flesh


   Skills:
 + Level 4.3 Fighting
   Level 1.6 Maces & Flails
 + Level 3.9 Dodging
 + Level 4.1 Unarmed Combat
 + Level 4.1 Spellcasting
 * Level 4.8 Transmutations
 * Level 2.5 Ice Magic
 - Level 3.0 Poison Magic


You had 2 spell levels left.
You knew the following spells:

 Your Spells              Type           Power        Failure   Level  Hunger
a - Beastly Appendage     Tmut           ###...       1%          1    None
b - Spider Form           Tmut/Pois      ###.......   9%          3    ###....
c - Ice Form              Ice/Tmut       ###.....     32%         4    ####...
d - Blade Hands           Tmut           ###.......   50%         5    ######.

Your spell library contained the following spells:

 Spells                   Type           Power        Failure   Level  Hunger
 Sticks to Snakes         Tmut           ###.....     3%          2    ##.....


Dungeon Overview and Level Annotations

Branches:
Dungeon (6/15)             Temple (1/1) D:4

Altars:
Cheibriados
Elyvilon
Hepliaklqana
Nemelex Xobeh
Okawaru
Sif Muna
Vehumet
Wu Jian
Xom

Shops:
D:5 =


Innate Abilities, Weirdness & Mutations

You can walk through water.
Your dull iron-grey scales are very hard. (AC +11)
You cannot fit into any form of body armour.
You can survive without breathing.
You are cold-blooded and may be slowed by cold attacks.


Message History

You spin and attack the jelly.
You hit the jelly but do no damage.
Your hands burn!
The jelly is heavily wounded.
The jelly barely misses you.
You lunge at the jelly.
You hit the jelly but do no damage.
Your hands burn!
The jelly is heavily wounded.
The jelly hits you.
You are splashed with acid!
The acid burns!
You spin and attack the jelly.
You hit the jelly but do no damage.
Your hands burn!
The jelly is heavily wounded.
The jelly hits you but does no damage.
You spin and attack the jelly.
You hit the jelly but do no damage.
Your hands burn!
You tail-slap the jelly.
The jelly is severely wounded.
The jelly hits you.
* * * LOW HITPOINT WARNING * * *
You are splashed with acid!
The acid burns!
* * * LOW HITPOINT WARNING * * *
The wyvern skeleton bites you!
You die...

#.....#...#.......#
#.....#...#.......#
+.....#...#.......#
###.....#...#.......#
........#.>.#.......#
........#...'.......#
........#(..#.......#
........'...#.......# ......>.
.......@#####.......#### .......#
#+#....ZJ..####+###..... .......#
#.......(# #..... .......#
#........# +..... .......#
#.....)..# #..... .......#
#......?.########..... .......#
#.....................
.......#####.....................
............................)....


You could see a jelly and a wyvern skeleton.

Vanquished Creatures
  A necrophage (D:6)
  2 phantoms (D:4)
  A centaur (D:6)
  2 scorpions (D:4)
  A howler monkey (D:5)
  2 hounds
  A gnoll shaman (D:4)
  6 orc priests
  3 centaur skeletons
  2 orc wizards (D:5)
  Natasha (twice) (D:4)
  3 iguanas
  2 worker ants (D:4)
  A howler monkey skeleton (D:5)
  6 gnolls
  2 adders
  A shadow imp (D:5)
  An ooze (D:3)
  7 worms
  A dart slug (D:2)
  5 leopard geckos
  10 orcs
  2 ball pythons
  6 bats
  9 goblins
  6 hobgoblins
  3 quokkas
  5 frilled lizards
  A jackal skeleton (D:4)
  4 kobolds
  6 rats
104 creatures vanquished.

Notes
Turn   | Place    | Note
-------+----------+-------------------------------------------
     0 | D:1      | digijack the Draconian Transmuter began the quest for the
                  | Orb.
     0 | D:1      | Reached XP level 1. HP: 16/16 MP: 3/3
   392 | D:1      | Reached XP level 2. HP: 23/23 MP: 1/5
   895 | D:2      | Reached XP level 3. HP: 29/29 MP: 4/6
  1628 | D:3      | Learned a level 3 spell: Spider Form
  1689 | D:3      | Reached XP level 4. HP: 36/36 MP: 7/7
  2166 | D:3      | Found a stormy altar of Qazlal.
  2168 | D:3      | Found a hazy altar of Hepliaklqana.
  2168 | D:3      | Found a shimmering altar of Xom.
  2170 | D:3      | Found an iron altar of Okawaru.
  2170 | D:3      | Found a shattered altar of Ashenzari.
  2170 | D:3      | Found a sacrificial altar of Ru.
  2278 | D:4      | Found a staircase to the Ecumenical Temple.
  2285 | D:4      | Reached skill level 1 in Maces & Flails
  2285 | D:4      | Reached skill level 1 in Poison Magic
  2294 | Temple   | Entered the Ecumenical Temple
  2311 | Temple   | Became a worshipper of the Wu Jian Council
  2415 | D:4      | Reached XP level 5. HP: 40/42 MP: 5/9
  2967 | D:4      | Reached XP level 6. HP: 45/50 MP: 6/10
  3415 | D:4      | Your scales start taking on a dull iron-grey colour.
  3415 | D:4      | Reached XP level 7. HP: 45/57 MP: 8/12
  3415 | D:4      | Gained mutation: You can survive without breathing. [Grey
                  | Draconian growth]
  3711 | D:4      | Noticed Natasha
  3718 | D:4      | Killed Natasha
  3727 | D:4      | Noticed Natasha
  3732 | D:4      | Killed Natasha
  3960 | D:4      | Learned a level 4 spell: Ice Form
  3971 | D:4      | Learned a level 5 spell: Blade Hands
  4007 | D:5      | Entered Level 5 of the Dungeon
  4007 | D:5      | Found a snail-covered altar of Cheibriados.
  4026 | D:5      | Found a deep blue altar of Sif Muna.
  4048 | D:5      | Reached * piety under Wu Jian
  4170 | D:5      | Found an iron altar of Okawaru.
  4208 | D:5      | Reached skill level 1 in Ice Magic
  4494 | D:5      | Reached XP level 8. HP: 22/66 MP: 10/13
  4847 | D:5      | Found Meicryasi's Jewellery Boutique.
  4850 | D:5      | Bought a +3 ring of intelligence for 235 gold pieces
  5261 | D:6      | Slain by a wyvern skeleton

Vault maps used:
D:1:      dpeg_arrival_ternary, minmay_heptomino_h4
D:2:      serial_forest, infiniplex_forest_straight_3,
          infiniplex_forest_lined_2, infiniplex_forest_clump_tiny,
          infiniplex_forest_join, infiniplex_forest_pool,
          infiniplex_forest_end_1
D:3:      first_ration, doesnt_xom_only_xom
D:4:      minmay_temple_entry_statues_fountains, uniq_natasha
D:5:      grunt_temple_overflow_open, serial_shops, kennysheep_mini
D:6:      kennysheep_little_box
Temple:   nicolae_temple_elliptical

Skill      XL: |  1  2  3  4  5  6  7  8 |
---------------+-------------------------+-----
Dodging        | 2 3 |  3.9
Fighting       | 2 3 4 |  4.3
Maces & Flails | 1 |  1.6
Poison Magic   | 1 2 3 |  3.0
Spellcasting   | 3 4 |  4.1
Transmutations | 3 4 |  4.8
Ice Magic      | 1 2 |  2.5
Unarmed Combat | 4 |  4.1

Action                   |  1- 3 |  4- 6 |  7- 9 || total
-------------------------+-------+-------+-------++-------
Melee: Whip              |    89 |    66 |       ||   155
       Unarmed           |     9 |    69 |   183 ||   261
       Kick              |     4 |       |       ||     4
       Headbutt          |     3 |       |       ||     3
       Tailslap          |     6 |     6 |     6 ||    18
       Punch             |       |     1 |     3 ||     4
 Cast: Beastly Appendage |    16 |     2 |       ||    18
       Spider Form       |       |     7 |    12 ||    19
Invok: Lunge             |       |    11 |    15 ||    26
       Whirlwind         |       |       |    21 ||    21
  Use: Potion            |     1 |     2 |     4 ||     7
       Scroll            |     6 |     3 |     2 ||    11
 Stab: Sleeping          |     2 |       |     1 ||     3
  Eat: Chunk             |     3 |    14 |     8 ||    25
Armor: Skin              |    24 |    22 |    18 ||    64
Dodge: Dodged            |    49 |    89 |   123 ||   261

Table legend:
 A = Non-vault XP
 B = Vault XP
 C = Vault XP percentage of total XP
 D = Non-vault monster count
 E = Vault monster count
 F = Vault count percentage of total count
                 A         B        C        D         E       F
            +---------+---------+-------+---------+---------+-------
      Total |    1747 |      39 |   2.2 |     101 |       3 |   2.9
            +---------+---------+-------+---------+---------+-------
        D:1 |      34 |       4 |  10.5 |      12 |       2 |  14.3
        D:2 |      31 |       0 |   0.0 |      17 |       0 |   0.0
        D:3 |      56 |       0 |   0.0 |      19 |       0 |   0.0
        D:4 |     849 |      35 |   4.0 |      25 |       1 |   3.8
        D:5 |     457 |       0 |   0.0 |      23 |       0 |   0.0
        D:6 |     320 |       0 |   0.0 |       5 |       0 |   0.0
            +---------+---------+-------+---------+---------+-------
